 Dungeon Crawl Stone Soup version 0.19-b1-5-gdc9fa9d (webtiles) character file.

223 Eviona the Conjurer (level 6, -8/36 HPs)
             Began as an Octopode Conjurer on Oct 31, 2016.
             Was an Initiate of Sif Muna.
             Mangled by YoMomma's ghost (16 damage)
             ... on level 3 of the Dungeon.
             The game lasted 00:10:41 (3386 turns).

Eviona the Conjurer (Octopode Conjurer)             Turns: 3386, Time: 00:10:42

Health: -8/36      AC:  1    Str:  8    XL:     6   Next: 0%
Magic:  0/12       EV: 13    Int: 19    God:    Sif Muna [......]
Gold:   151        SH:  0    Dex: 12    Spells: 2 memorised, 10 levels left

rFire  . . .     SeeInvis .     (no weapon)
rCold  . . .     Gourm    .     (no shield)
rNeg   . . .     Faith    .     (helmet restricted)
rPois  .         Spirit   .     (no amulet)
rElec  .         Reflect  .     (no ring)
rCorr  .         Harm     .     (no ring)
MR     .....                    (no ring)
Stlth  +++.......               (no ring)
                                (no ring)
                                (no ring)
                                (no ring)
                                (no ring)

@: no status effects
A: almost no armour, stealthy swim, amphibious, 8 rings, constrict 8, camouflage
1, gelatinous body 1
a: Renounce Religion


You were on level 3 of the Dungeon.
You worshipped Sif Muna.
Sif Muna was noncommittal.
You were hungry.

You visited 1 branch of the dungeon, and saw 3 of its levels.

You collected 151 gold pieces.

Inventory:

Jewellery
 j - a +4 ring of slaying {unknown}
 k - an uncursed amulet of magic regeneration {unknown}
Scrolls
 c - 2 scrolls of identify {unknown}
 e - a scroll of enchant armour {unknown}
 f - a scroll of teleportation {unknown}
 i - a scroll of fog {unknown}
 n - a scroll of amnesia {unknown}
 o - a scroll of immolation {unknown}
 p - a scroll of remove curse {unknown}
 r - a scroll of blinking {unknown}
 s - a scroll of magic mapping {unknown}
Potions
 d - 2 potions of flight {unknown}
 l - a potion of curing {unknown}
 m - a potion of berserk rage {unknown}
 q - a potion of cancellation {unknown}
Books
 a - a book of Conjurations

   Spells                             Type                      Level
   a - Magic Dart                     Conjuration                  1
   b - Searing Ray                    Conjuration                  2
   c - Dazzling Spray                 Conjuration/Hexes            3
   d - Fulminant Prism                Conjuration/Hexes            4
   e - Iskenderun's Mystic Blast      Conjuration                  4
   f - Iskenderun's Battlesphere      Conjuration/Charms           5
Comestibles
 b - 4 bread rations
 g - a slice of pizza
 h - 3 meat rations
 t - 2 chunks of flesh


   Skills:
 - Level 2.0 Dodging
 - Level 2.6 Stealth
 - Level 4.1 Spellcasting
 + Level 5.7 Conjurations


You had 10 spell levels left.
You knew the following spells:

 Your Spells              Type           Power        Failure   Level  Hunger
a - Magic Dart            Conj           ####         1%          1    None
b - Searing Ray           Conj           ####..       1%          2    ##.....


Dungeon Overview and Level Annotations

Branches:
Dungeon (3/15)

Altars:
Hepliaklqana
Makhleb
Ru
Sif Muna
Uskayaw
Vehumet
Xom
The Shining One

Annotations:
D:3 Sigmund; YoMomma's ghost, amateur FoFi


Innate Abilities, Weirdness & Mutations

You cannot wear most types of armour.
You are very stealthy in the water. (Stealth+)
You are amphibious.
You can wear up to eight rings at the same time.
You can use your tentacles to constrict eight enemies at once.
Your skin changes colour to match your surroundings (Stealth+).
Your rubbery body absorbs attacks. (AC +1, EV +1)


Message History

YoMomma's ghost closely misses you.
The searing ray hits YoMomma's ghost.
YoMomma's ghost is severely damaged.
YoMomma's ghost completely misses you.
The searing ray hits YoMomma's ghost.
YoMomma's ghost is almost destroyed.
You finish channeling your searing ray.
YoMomma's ghost hits you.
* * * LOW HITPOINT WARNING * * *
Casting: Searing Ray
Confirm with . or Enter, or press ? or * to list all spells.
Aiming: Searing Ray
Press: ? - help, Shift-Dir - straight line, f/p - YoMomma's ghost
Aim: YoMomma's ghost (almost destroyed)
The searing ray hits YoMomma's ghost.
YoMomma's ghost is almost destroyed.
YoMomma's ghost barely misses you.
The searing ray hits YoMomma's ghost.
YoMomma's ghost is almost destroyed.
YoMomma's ghost hits you!
You die...

#.# #..#. #.#####
#.... ##....#
#..^^ ####.# #.^_^
#.# #.^^^ #.#
#....
#.############.#.#
#W##..........###.
#@##.#######.## ##
#.##.# ##.###.
#.##.# ##>#.#
#.##.# ##.##
##.##.# ###
##...#.# #......#
#......# #.....##


You could see YoMomma's ghost.

Vanquished Creatures
  Crazy Yiuf (D:3)
  Natasha (twice) (D:3)
  3 gnolls (D:2)
  3 adders
  2 oozes (D:2)
  A worm (D:2)
  A dart slug (D:2)
  3 leopard geckos
  7 orcs
  7 bats
  2 giant cockroaches
  5 goblins
  5 hobgoblins
  4 jackals
  2 quokkas
  A ball python (D:1)
  6 frilled lizards
  A giant cockroach zombie (D:3)
  8 kobolds
  5 rats
69 creatures vanquished.

Notes
Turn   | Place    | Note
-------+----------+-------------------------------------------
     0 | D:1      | Eviona the Octopode Conjurer began the quest for the Orb.
     0 | D:1      | Reached XP level 1. HP: 11/11 MP: 3/3
   168 | D:1      | Reached XP level 2. HP: 17/17 MP: 1/5
   304 | D:1      | Found a glowing golden altar of the Shining One.
   614 | D:1      | Reached XP level 3. HP: 9/21 MP: 0/6
   954 | D:2      | Reached skill level 5 in Conjurations
   958 | D:2      | Learned a level 2 spell: Searing Ray
  1538 | D:2      | Found a sacrificial altar of Ru.
  1659 | D:2      | Reached XP level 4. HP: 15/27 MP: 3/8
  2040 | D:2      | Found a hide-covered altar of Uskayaw.
  2045 | D:2      | Found a deep blue altar of Sif Muna.
  2048 | D:2      | Became a worshipper of Sif Muna the Loreminder
  2050 | D:2      | Found a burning altar of Makhleb.
  2053 | D:2      | Found a radiant altar of Vehumet.
  2054 | D:2      | Found a hazy altar of Hepliaklqana.
  2128 | D:3      | Found a shimmering altar of Xom.
  2250 | D:3      | Reached XP level 5. HP: 31/31 MP: 3/10
  2378 | D:3      | Found a runed door.
  2382 | D:3      | Noticed Crazy Yiuf
  2386 | D:3      | Killed Crazy Yiuf
  2433 | D:3      | Noticed Sigmund
  2434 | D:3      | Noticed Natasha
  2948 | D:3      | Killed Natasha
  2996 | D:3      | Noticed Natasha
  3024 | D:3      | Killed Natasha
  3257 | D:2      | Reached XP level 6. HP: 22/36 MP: 8/12
  3375 | D:3      | Noticed YoMomma's ghost (amateur FoFi)
  3386 | D:3      | Mangled by YoMomma's ghost

Skill      XL: |  1  2  3  4  5 |
---------------+----------------+-----
Conjurations   | 5 |  5.7
Spellcasting   | 3 4 |  4.1
Dodging        | |  2.0
Stealth        | |  2.6

Action                   |  1- 3 |  4- 6 || total
-------------------------+-------+-------++-------
Melee: Unarmed           |    20 |       ||    20
       Constrict         |     5 |       ||     5
 Cast: Magic Dart        |    61 |    49 ||   110
       Searing Ray       |     2 |    10 ||    12
  Eat: Chunk             |     3 |     5 ||     8
Armor: Skin              |     2 |     1 ||     3
Dodge: Dodged            |    21 |    10 ||    31
